 Dungeon Crawl Stone Soup version 0.25-a0-189-gf71692caf1 (webtiles) character file.

Game seed: 5502796913869451489, levelgen mode: deterministic

10910 Goreval the Grappler (level 11, -7/111 HPs)
             Began as a Troll Fighter on Nov 29, 2019.
             Mangled by a four-headed hydra (12 damage)
             ... on level 8 of the Dungeon.
             The game lasted 00:25:57 (9743 turns).

Goreval the Grappler (Troll Fighter)                Turns: 9743, Time: 00:25:57

Health: -7/111     AC:  6    Str: 31    XL:     11   Next: 42%
Magic:  10/10      EV: 17    Int:  4    God:
Gold:   574        SH:  0    Dex: 17    Spells: 10/10 levels left

rFire    . . .     SeeInvis .   b - +0 giant spiked club
rCold    . . .     Gourm    +   (shield currently unavailable)
rNeg     . . .     Faith    .   a - +0 robe
rPois    +         Spirit   .   (helmet restricted)
rElec    .         Reflect  .   (no cloak)
rCorr    +         Harm     .   (gloves unavailable)
MR       .....                  (boots unavailable)
Stlth    +++.......             j - amulet of the acrobat
HPRegen  0.68/turn              t - ring of poison resistance
MPRegen  0.12/turn              C - ring of resist corrosion

@: mighty, agile
A: large, unfitting armour, claws 3, fast metabolism 3, gourmand, regeneration
1, shaggy fur 1, tough skin 3
a: no special abilities


You were on level 8 of the Dungeon.
You were full.

You visited 3 branches of the dungeon, and saw 12 of its levels.

You collected 574 gold pieces.

Inventory:

Hand Weapons
 b - a +0 giant spiked club (weapon)
Missiles
 h - 9 javelins
 i - 248 stones
 m - 11 boomerangs (quivered)
Armour
 a - a +0 robe (worn)
 J - a +1 shield
Jewellery
 j - an amulet of the acrobat (around neck)
 s - an uncursed ring of positive energy {unknown}
 t - a ring of poison resistance (left claw)
 C - a ring of resist corrosion (right claw)
 I - an uncursed ring of magical power
Wands
 u - a wand of disintegration (14)
 y - a wand of digging (3)
 G - a wand of enslavement (20)
 K - a wand of iceblast (13)
Scrolls
 g - 8 scrolls of remove curse
 k - 4 scrolls of enchant armour
 p - 2 scrolls of identify
 r - 2 scrolls of random uselessness {unknown}
 z - 4 scrolls of magic mapping
 A - a scroll of amnesia {unknown}
 B - a scroll of fog {unknown}
 D - 2 scrolls of blinking
 E - a scroll of immolation {unknown}
 H - a scroll of fear
 L - a scroll of teleportation
 O - 2 scrolls of enchant weapon {unknown}
Potions
 c - a potion of might
 e - 5 potions of curing
 f - 3 potions of agility
 l - 2 potions of mutation {unknown}
 n - a potion of haste {unknown}
 o - 3 potions of flight
 q - a potion of resistance
 v - a potion of cancellation
 x - a potion of brilliance {unknown}
 F - a potion of ambrosia {unknown}
 M - a potion of heal wounds {unknown}
 N - a potion of magic {unknown}
Miscellaneous
 w - a sack of spiders
 P - a phantom mirror
Comestibles
 d - 26 rations


   Skills:
 + Level 7.8 Fighting
 + Level 4.7 Dodging
 * Level 7.9 Shields
 * Level 12.3 Unarmed Combat


You had 10 spell levels left.
You didn't know any spells.
Your spell library contained the following spells:

 Spells                   Type           Power        Failure   Level  Hunger
 Beastly Appendage        Tmut           #.....       50%         1    ##.....
 Confusing Touch          Hex            #.....       50%         1    ##.....
 Sticks to Snakes         Tmut           #.......     65%         2    ###....
 Confuse                  Hex            #.......     86%         3    ####...
 Gell's Gravitas          Tloc           #.........   86%         3    ####...
 Spider Form              Tmut/Pois      #.........   86%         3    ####...
 Ice Form                 Ice/Tmut       #.......     99%         4    #####..
 Petrify                  Tmut/Erth      #.......     99%         4    #####..
 Blade Hands              Tmut           #.........   100%        5    ######.
 Metabolic Englaciation   Hex/Ice        #.........   100%        5    ######.
 Yara's Violent Unravell  Hex/Tmut       #.........   100%        5    ######.


Dungeon Overview and Level Annotations

Branches:
Dungeon (10/15)            Temple (1/1) D:5            Lair (1/6) D:8
    Orc (0/2) D:10

Altars:
Ashenzari
Cheibriados
Dithmenos
Elyvilon
Fedhas
Gozag
Hepliaklqana
Kikubaaqudgha
Makhleb
Nemelex Xobeh
Okawaru
Qazlal
Ru
Sif Muna
Trog
Uskayaw
Vehumet
Wu Jian
Xom
Yredelemnul
Zin
The Shining One
Lugonu

Shops:
D:4 *   D:6 [}([   D:8 [

Portals:
Trove: D:10 (give +2 gold dragon scales)


Innate Abilities, Weirdness & Mutations

You are too large for most types of armour.
You have claws for hands.
Your metabolism is lightning-fast.
You like to eat raw meat.
Your natural rate of healing is unusually fast.
You are covered in fur. (AC +1)
You have extremely tough skin. (AC +3)


Message History

The floor, spattered with blood.
Okay, then.
Here: a four-headed hydra (heavily wounded)
The floor, spattered with blood.
Here: a four-headed hydra (heavily wounded)
The floor, spattered with blood.
Okay, then.
Okay, then.
Okay, then.
Unknown command.
Okay, then.
You hit the four-headed hydra. The four-headed hydra misses you. x2
The four-headed hydra bites you.
* * * LOW HITPOINT WARNING * * *
The four-headed hydra bites you.
* * * LOW HITPOINT WARNING * * *
The four-headed hydra misses you. The four-headed hydra bites you!
* * * LOW HITPOINT WARNING * * *
The four-headed hydra bites you!
You die...

#####.....##...............##
##
#.........................##
# ..........#..............##
# ...........#P......P....##
.............P.....P...##
.............PP...PP..P##
..........P........P.P.P#
..........P.P(P####.PPP.#
...............#@D#..PP.##
............P.(#..#P..P..#
.......#.#.P.P.##'#P..PP.###
....####.#.P..(P....P..P...##
##### #.##..PPD....PPP#....##
#.##.P...P......##....##
###....P..PP..P..####[...###
###.......#......### ##......
#.........###.#### ###.....


You could see a four-headed hydra.

Vanquished Creatures
  A vault guard (D:10)
  A two-headed ogre (D:9)
  A wolf spider zombie (D:10)
  2 gargoyles (D:10)
  A spiny frog (Lair:1)
  A komodo dragon (Lair:1)
  A troll (D:9)
  3 hippogriffs
  2 wyverns
  A wraith (D:10)
  6 yaks
  Grum (D:8)
  2 hungry ghosts
  6 orc warriors
  2 porcupines (D:8)
  A swamp drake (D:10)
  A sky beast (D:8)
  2 ice beasts (D:10)
  A black bear (D:10)
  2 necrophages
  3 phantoms
  4 ogres
  5 centaurs
  4 wolves (D:8)
  3 crocodiles
  A bullfrog (D:6)
  A wyvern zombie (D:6)
  4 scorpions
  3 killer bees (D:8)
  9 wights (D:10)
  A howler monkey (D:6)
  3 crimson imps
  5 hounds
  A centaur zombie (D:7)
  2 jellies
  4 orc priests
  11 orc wizards
  2 centaur skeletons
  Ijyb (D:4)
  2 iguanas (D:7)
  15 worker ants
  A worker ant zombie (D:8)
  8 gnolls
  13 adders
  An adder zombie (D:8)
  An adder skeleton (D:7)
  3 dart slugs (D:2)
  3 worms
  7 leopard geckos
  42 orcs
  2 giant cockroaches (D:1)
  7 goblins
  11 hobgoblins
  9 jackals
  4 quokkas
  5 bats
  8 frilled lizards
  5 kobolds
  A leopard gecko skeleton (D:5)
  4 rats
257 creatures vanquished.

Vanquished Creatures (others)
  A fungus (D:8)
1 creature vanquished.

Grand Total: 258 creatures vanquished

Notes
Turn   | Place    | Note
-------+----------+-------------------------------------------
     0 | D:1      | Goreval the Troll Fighter began the quest for the Orb.
     0 | D:1      | Reached XP level 1. HP: 22/22 MP: 0/0
   175 | D:1      | Reached XP level 2. HP: 29/29 MP: 1/1
   858 | D:2      | Found a faded altar of an unknown god.
   887 | D:2      | Reached skill level 3 in Unarmed Combat
   887 | D:2      | Reached XP level 3. HP: 22/36 MP: 2/2
  1007 | D:2      | Reached XP level 4. HP: 37/44 MP: 3/3
  1664 | D:3      | Reached XP level 5. HP: 53/53 MP: 4/4
  1699 | D:3      | Reached skill level 4 in Unarmed Combat
  1889 | D:3      | Found a sparkling altar of Nemelex Xobeh.
  2086 | D:4      | Reached XP level 6. HP: 61/61 MP: 5/5
  2087 | D:4      | Noticed Ijyb
  2103 | D:4      | Killed Ijyb
  2170 | D:4      | Reached skill level 5 in Unarmed Combat
  2326 | D:4      | Found Jaha's Assorted Antiques.
  2435 | D:4      | Reached XP level 7. HP: 52/68 MP: 6/6
  2797 | D:5      | Entered Level 5 of the Dungeon
  2829 | D:5      | Reached skill level 6 in Unarmed Combat
  3322 | D:5      | Found a staircase to the Ecumenical Temple.
  3328 | Temple   | Entered the Ecumenical Temple
  3618 | D:6      | Found Jiveud's Antique Weapon Shop.
  3656 | D:6      | Noticed a wyvern
  3668 | D:6      | Killed a wyvern
  3668 | D:6      | Reached XP level 8. HP: 27/79 MP: 7/7
  4093 | D:6      | Found a stormy altar of Qazlal.
  4093 | D:6      | Found a hazy altar of Hepliaklqana.
  4094 | D:6      | Found a burning altar of Makhleb.
  4094 | D:6      | Found a shimmering altar of Xom.
  4095 | D:6      | Found an opulent altar of Gozag.
  4096 | D:6      | Found a radiant altar of Vehumet.
  4100 | D:6      | Reached skill level 7 in Unarmed Combat
  4102 | D:6      | Found a sacrificial altar of Ru.
  4279 | D:6      | Found Gintat's Antique Armour Shoppe.
  4416 | D:6      | Found Gergho's Gadget Shoppe.
  4437 | D:6      | Found Zoizxyill's Antique Armour Boutique.
  4774 | D:7      | Reached skill level 5 in Fighting
  4774 | D:7      | Reached skill level 5 in Shields
  4878 | D:7      | Noticed a hippogriff
  4894 | D:7      | Killed a hippogriff
  4894 | D:7      | Reached skill level 8 in Unarmed Combat
  5107 | D:7      | Found a white marble altar of Elyvilon.
  5398 | D:7      | Reached XP level 9. HP: 88/88 MP: 8/8
  5420 | D:7      | Found a basalt altar of Yredelemnul.
  5629 | D:8      | Reached skill level 9 in Unarmed Combat
  5836 | D:8      | Found Ottapp's Armour Boutique.
  6026 | D:8      | Noticed Grum
  6050 | D:8      | Killed Grum
  6050 | D:8      | Reached skill level 10 in Unarmed Combat
  6332 | D:8      | Found a staircase to the Lair.
  6598 | D:9      | Reached XP level 10. HP: 85/100 MP: 9/9
  7278 | D:9      | Noticed a two-headed ogre
  7386 | D:9      | Killed a two-headed ogre
  7550 | D:9      | Found a snail-covered altar of Cheibriados.
  7593 | D:10     | Entered Level 10 of the Dungeon
  7641 | D:10     | Reached skill level 11 in Unarmed Combat
  7884 | D:10     | Noticed a gargoyle
  7886 | D:10     | Killed a gargoyle
  7962 | D:10     | Noticed a gargoyle
  7973 | D:10     | Killed a gargoyle
  8268 | D:10     | Noticed a vault guard
  8282 | D:10     | Killed a vault guard
  8282 | D:10     | Reached XP level 11. HP: 63/109 MP: 10/10
  8352 | D:10     | Found a portal to a secret trove of treasure.
  8618 | D:10     | Reached skill level 12 in Unarmed Combat
  8932 | D:10     | Found a staircase to the Orcish Mines.
  9068 | Lair:1   | Entered Level 1 of the Lair of Beasts
  9446 | Lair:1   | Noticed a four-headed hydra
  9743 | D:8      | HP: 5/111 [four-headed hydra (12)]
  9743 | D:8      | Mangled by a four-headed hydra

Levels and vault maps discovered:
D:1:      dpeg_arrival_central, layout_basic
D:2:      layout_basic, chequers_ecumenical_altar_island, minmay_tetromino_o4
D:3:      layout_basic, nemelex_xobeh_ov_fountains_minmay, first_ration
D:4:      layout_basic, serial_shops, shop_coins,
          chequers_serial_rivers_small_b, uniq_ijyb
D:5:      layout_loops_ring, minmay_temple_entry_fiery
D:6:      layout_basic, minitemple, serial_shops, kennysheep_little_box,
          shop_fountains, nicolae_shop_window_shopping,
          nicolae_shop_overgrown_old_shop, corexii_shack, lemuel_flame_loot_1
D:7:      layout_basic, kennysheep_ying_yang
D:8:      layout_cave_pods, grunt_lair_entry_orc_guard_hut, serial_shops, shop,
          uniq_grum
D:9:      layout_small_grid, lemuel_coloured_pillars_altar
D:10:     layout_basic, erik_orc_1, enter_trove_5
Temple:   kb_corrupted_temple
Lair:1:   layout_roguey, chequers_serial_rivers_small_b,
          chequers_serial_rivers_small_3, zaba_anthole, grunt_megastairs_2,
          serial_bayou_shore_b, infiniplex_staircase_pool_2

Skill      XL: |  1  2  3  4  5  6  7  8  9 10 11 |
---------------+----------------------------------+-----
Unarmed Combat | 3 4 5 6 8 10 11 12 | 12.3
Shields        | 3 4 5 6 7 |  7.9
Fighting       | 3 4 5 6 7 |  7.8
Dodging        | 4 |  4.7

Action                   |  1- 3 |  4- 6 |  7- 9 | 10-12 || total
-------------------------+-------+-------+-------+-------++-------
Melee: Unarmed           |    80 |   168 |   303 |   287 ||   838
       Giant spiked club |       |       |       |     5 ||     5
Throw: Stone             |    11 |    40 |    64 |    15 ||   130
       Javelin           |     2 |       |       |       ||     2
       Boomerang         |       |       |       |    50 ||    50
  Use: Scroll            |     5 |       |     6 |     2 ||    13
       Potion            |       |       |       |     2 ||     2
 Stab: Sleeping          |       |     1 |       |     1 ||     2
  Eat: Chunk             |    11 |    15 |    40 |    39 ||   105
Armor: Robe              |    27 |    32 |    37 |    43 ||   139
Dodge: Dodged            |    23 |    62 |    88 |   132 ||   305
Block: Shield            |    41 |    88 |   132 |   156 ||   417

Table legend:
 A = Non-vault XP
 B = Vault XP
 C = Vault XP percentage of total XP
 D = Non-vault monster count
 E = Vault monster count
 F = Vault count percentage of total count
                 A         B        C        D         E       F
            +---------+---------+-------+---------+---------+-------
      Total |   12592 |    2994 |  19.2 |     220 |      37 |  14.4
            +---------+---------+-------+---------+---------+-------
        D:1 |      18 |       0 |   0.0 |      12 |       0 |   0.0
        D:2 |     118 |      20 |  14.5 |      30 |       4 |  11.8
        D:3 |     203 |       0 |   0.0 |      22 |       0 |   0.0
        D:4 |     500 |      36 |   6.7 |      11 |       1 |   8.3
        D:5 |     297 |       0 |   0.0 |      13 |       0 |   0.0
        D:6 |     695 |       0 |   0.0 |      19 |       0 |   0.0
        D:7 |     989 |       0 |   0.0 |      22 |       0 |   0.0
        D:8 |     972 |    1295 |  57.1 |      24 |      11 |  31.4
        D:9 |    2483 |       0 |   0.0 |      19 |       0 |   0.0
       D:10 |    5364 |    1542 |  22.3 |      44 |      18 |  29.0
     Lair:1 |     953 |     101 |   9.6 |       4 |       3 |  42.9
            +---------+---------+-------+---------+---------+-------
